 Dungeon Crawl Stone Soup version 0.19.1-1-g22dce08 (webtiles) character file.

144 Alarkh the Chopper (level 5, -15/41 HPs)
             Began as a Demonspawn Monk on Jan 3, 2017.
             Demolished by Alarkh's ghost (19 damage)
             ... on level 3 of the Dungeon.
             The game lasted 00:01:50 (1473 turns).

Alarkh the Chopper (Demonspawn Monk)                Turns: 1473, Time: 00:01:50

Health: -15/41     AC:  4    Str: 11    XL:     5   Next: 5%
Magic:  5/5        EV: 12    Int: 12    God:
Gold:   78         SH:  0    Dex: 16    Spells: 0 memorised, 4 levels left

rFire  . . .     SeeInvis .     a - +0 hand axe
rCold  . . .     Gourm    .     j - +0 troll leather armour
rNeg   . . .     Faith    .     (no shield)
rPois  .         Spirit   .     (no helmet)
rElec  .         Reflect  .     (no cloak)
rCorr  .         Harm     .     (no gloves)
MR     .....                    (no boots)
Stlth  ++........               (no amulet)
                                (no ring)
                                (no ring)

@: no status effects
A: hooves 1, powered by death 1
a: no special abilities


You were on level 3 of the Dungeon.
You were not hungry.

You visited 1 branch of the dungeon, and saw 3 of its levels.

You collected 78 gold pieces.

Inventory:

Hand Weapons
 a - a +0 hand axe (weapon)
Armour
 b - a +0 robe
 j - a +0 troll leather armour (worn)
Jewellery
 n - an uncursed ring of fire {unknown}
Wands
 o - a wand of confusion (29/48)
Scrolls
 e - a scroll of magic mapping
 i - a scroll of identify {unknown}
 k - a scroll of amnesia {unknown}
Potions
 d - a potion of beneficial mutation {unknown}
 f - 2 potions of berserk rage {unknown}
 h - a potion of heal wounds {unknown}
 l - a potion of invisibility {unknown}
 m - a potion of lignification {unknown}
Comestibles
 c - 2 bread rations
 g - 8 chunks of flesh


   Skills:
 - Level 3.0 Fighting
 + Level 5.2 Axes
 - Level 2.6 Dodging
 - Level 1.7 Stealth


You had 4 spell levels left.
You didn't know any spells.

Dungeon Overview and Level Annotations

Branches:
Dungeon (3/15)

Altars:
Trog

Annotations:
D:3 Alarkh's ghost, journeyman DsMo


Innate Abilities, Weirdness & Mutations

You have large cloven feet.
You regenerate a little health from kills.


Message History

A frilled lizard comes into view.
You hit the worm.
The worm is lightly wounded.
You hit the worm.
The worm is lightly wounded.
You closely miss Alarkh's ghost. Alarkh's ghost hits you!
The worm barely misses you.
You hit the worm.
The worm is moderately wounded.
You closely miss Alarkh's ghost. You hit the worm.
Alarkh's ghost shouts, "I have seen your future, and it is all used up."
Alarkh's ghost hits you! The worm bites you!
* * * LOW HITPOINT WARNING * * *
The worm bites you!
* * * LOW HITPOINT WARNING * * *
Some of the chunks of flesh in your inventory have rotted away.
You are too injured to fight recklessly!
You are too injured to fight recklessly!
Alarkh's ghost hits you!!
You die...

#.# ###########..
#........... .
...........####..
#........).#....
..........%..#
..........)#
........w@.#
.......w.W#......
.......)g...##...
........##### .
.....l...
.......#. w..(...
.# ....... ..
......# .#


You could see 2 worms, Alarkh's ghost, a hobgoblin and a frilled lizard.

Vanquished Creatures
  3 gnolls (D:2)
  5 adders (D:2)
  An ooze (D:2)
  A dart slug (D:3)
  2 leopard geckos (D:2)
  An orc (D:3)
  8 bats
  3 giant cockroaches
  14 goblins
  6 hobgoblins
  2 jackals (D:2)
  6 kobolds
  3 frilled lizards
  5 rats
60 creatures vanquished.

Notes
Turn   | Place    | Note
-------+----------+-------------------------------------------
     0 | D:1      | Alarkh the Demonspawn Monk began the quest for the Orb.
     0 | D:1      | Reached XP level 1. HP: 18/18 MP: 1/1
   123 | D:1      | Reached skill level 3 in Axes
   266 | D:1      | Gained mutation: You have large cloven feet. [demonic ancestry]
   266 | D:1      | Reached XP level 2. HP: 22/24 MP: 2/2
   695 | D:2      | Found a bloodstained altar of Trog.
   734 | D:2      | Gained mutation: You regenerate a little health from kills. [demonic ancestry]
   734 | D:2      | Reached XP level 3. HP: 17/29 MP: 3/3
   738 | D:2      | Reached skill level 4 in Axes
   743 | D:2      | HP: 1/29 [gnoll (6)]
   858 | D:2      | Reached XP level 4. HP: 35/35 MP: 4/4
  1083 | D:2      | Reached skill level 5 in Axes
  1391 | D:2      | Reached XP level 5. HP: 36/41 MP: 5/5
  1465 | D:3      | Noticed Alarkh's ghost (journeyman DsMo)
  1473 | D:3      | Demolished by Alarkh's ghost

Skill      XL: |  1  2  3  4 |
---------------+-------------+-----
Axes           | 3 4 5 |  5.2
Fighting       | |  3.0
Dodging        | |  2.6
Stealth        | |  1.7

Action                   |  1- 3 |  4- 6 || total
-------------------------+-------+-------++-------
Melee: Hand axe          |    99 |   102 ||   201
       Kick              |    24 |    23 ||    47
  Use: Scroll            |     1 |       ||     1
 Stab: Sleeping          |     2 |       ||     2
  Eat: Chunk             |       |     2 ||     2
Armor: Robe              |    14 |       ||    14
       Troll leather arm |    14 |    39 ||    53
Dodge: Dodged            |    87 |    77 ||   164
